EL
AKRON RUBBERDUCKS @ ERIE SEAWOLVES
06/28/2048
 
TOP OF THE 1ST
Akron RubberDucks batting - Pitching for Erie SeaWolves : LHP Ben Saunders
Pitching: LHP Ben Saunders
Batting: RHB Solange Le Coq 0-0: Called Strike
0-1: Foul Ball, location: 2F
0-2: Foul Ball, location: 2F
0-2: SINGLE (Groundball, 4S, EV 66.2 MPH) (infield hit)
Batting: RHB Justin Lauderdale 0-0: Ball
1-0: Swinging Strike
1-1: Ball
Solange Le Coq steals 2nd base
2-1: Foul Ball, location: 2F
2-2: Ball
3-2: Base on Balls
Batting: SHB Valentin Laporte 0-0: Ball
1-0: Swinging Strike
1-1: Foul Ball, location: 2F
1-2: Strikes out swinging
Batting: RHB Carlos Abrego 0-0: Foul Ball, location: 2F
0-1: Ball
1-1: Grounds into double play, 6-4-3 (Groundball, 6, EV 93.1 MPH)
Top of the 1st over - 0 runs, 1 hit, 0 errors, 1 left on base; Akron 0 - Erie 0
BOTTOM OF THE 1ST
Erie SeaWolves batting - Pitching for Akron RubberDucks : RHP Yuri Bijleveld
Pitching: RHP Yuri Bijleveld
Batting: RHB Eric Angelle 0-0: Called Strike
0-1: Swinging Strike
0-2: Ball
1-2: Ball
2-2: Ball
3-2: Ground out 5-3 (Groundball, 5, EV 100.0 MPH)
Batting: RHB Tony Soto 0-0: Ball
1-0: Ball
2-0: Swinging Strike
2-1: SINGLE (Groundball, 25, EV 70.6 MPH) (infield hit)
Batting: RHB John Evancho 0-0: Ball
1-0: Ball
2-0: Grounds into double play, 1-6-3 (Groundball, 13, EV 72.5 MPH)
Bottom of the 1st over - 0 runs, 1 hit, 0 errors, 0 left on base; Akron 0 - Erie 0
TOP OF THE 2ND
Akron RubberDucks batting - Pitching for Erie SeaWolves : LHP Ben Saunders
Batting: RHB Tristan Wright 0-0: Foul Ball, location: 2F
0-1: Ball
1-1: Called Strike
1-2: Ball
2-2: Strikes out swinging
Batting: LHB Esteban Cordova 0-0: Called Strike
0-1: Foul Ball, location: 2F
0-2: Ball
1-2: Foul Ball, location: 2F
1-2: Strikes out swinging
Batting: LHB Frank Hill 0-0: Swinging Strike
0-1: Swinging Strike
0-2: Ball
1-2: Foul Ball, location: 2F
1-2: Ground out 4-3 (Groundball, 34D, EV 85.6 MPH)
Top of the 2nd over - 0 runs, 0 hits, 0 errors, 0 left on base; Akron 0 - Erie 0
BOTTOM OF THE 2ND
Erie SeaWolves batting - Pitching for Akron RubberDucks : RHP Yuri Bijleveld
Batting: RHB Adam MacConnell 0-0: Ball
1-0: Ball
2-0: Ball
3-0: Fly out, F9 (Line Drive, 9, EV 95.0 MPH)
Batting: RHB Tanner Purchase 0-0: Ball
1-0: Swinging Strike
1-1: Foul Ball, location: 2F
1-2: Foul Ball, location: 2F
1-2: Foul Ball, location: 2F
1-2: Foul Ball, location: 2F
1-2: Foul Ball, location: 2F
1-2: Ground out 6-3 (Groundball, 6, EV 88.8 MPH)
Batting: LHB Nick Nino 0-0: Ball
1-0: Fly out, F3 (Popup, 34S, EV 56.2 MPH)
Bottom of the 2nd over - 0 runs, 0 hits, 0 errors, 0 left on base; Akron 0 - Erie 0
TOP OF THE 3RD
Akron RubberDucks batting - Pitching for Erie SeaWolves : LHP Ben Saunders
Batting: RHB Mitch Boyd 0-0: SINGLE (Flyball, 3D, EV 95.6 MPH)
Batting: RHB Charles Marcel 0-0: Ball
1-0: Ball
2-0: Ball
3-0: Called Strike
3-1: DOUBLE (Groundball, 5L, EV 103.8 MPH)
Mitch Boyd to third
Batting: RHB Solange Le Coq 0-0: Called Strike
0-1: Ball
1-1: Foul Ball, location: 2F
1-2: Fly out, F8 (Flyball, 8RD, EV 103.8 MPH)
Runner from 3rd tags up, SCORES, throw by CF
Batting: RHB Justin Lauderdale 0-0: Ball
1-0: Ball
2-0: Ball
3-0: Base on Balls
Batting: SHB Valentin Laporte 0-0: Ball
1-0: Ball
2-0: 3-RUN HOME RUN (Line Drive, 9D, EV 102.5 MPH), Distance : 407 ft
Batting: RHB Carlos Abrego 0-0: Foul Ball, location: 2F
0-1: Ball
1-1: Fly out, F8 (Flyball, 8RXD, EV 103.8 MPH)
Batting: RHB Tristan Wright 0-0: Ball
1-0: Fly out, F7 (Flyball, 78S, EV 81.9 MPH)
Top of the 3rd over - 4 runs, 3 hits, 0 errors, 0 left on base; Akron 4 - Erie 0
BOTTOM OF THE 3RD
Erie SeaWolves batting - Pitching for Akron RubberDucks : RHP Yuri Bijleveld
Batting: RHB Jose Evangelista 0-0: Foul Ball, location: 2F
0-1: SINGLE (Line Drive, 89S, EV 110.0 MPH)
Batting: RHB Willie Ochoa 0-0: Swinging Strike
0-1: Foul Ball, location: 2F
0-2: Ball
1-2: Strikes out swinging
Batting: RHB Mike Sebastian 0-0: Ball
1-0: Fielders Choice at 2nd, 5-4 (Groundball, 5, EV 87.5 MPH)
Batting: RHB Eric Angelle 0-0: Ball
1-0: Called Strike
1-1: Ball
2-1: Foul Ball, location: 2F
2-2: Ground out 4-3 (Groundball, 4M, EV 100.0 MPH)
Bottom of the 3rd over - 0 runs, 1 hit, 0 errors, 1 left on base; Akron 4 - Erie 0
TOP OF THE 4TH
Akron RubberDucks batting - Pitching for Erie SeaWolves : LHP Ben Saunders
Batting: LHB Esteban Cordova 0-0: Called Strike
0-1: Ball
1-1: Ball
2-1: SOLO HOME RUN (Flyball, 89XD, EV 106.2 MPH), Distance : 427 ft
Batting: LHB Frank Hill 0-0: Called Strike
0-1: Ball
1-1: Ground out 5-3 (Groundball, 5L, EV 89.4 MPH)
Batting: RHB Mitch Boyd 0-0: Foul Ball, location: 2F
0-1: Fly out, F8 (Flyball, 8RM, EV 87.5 MPH)
Batting: RHB Charles Marcel 0-0: Called Strike
0-1: Ball
1-1: Called Strike
1-2: Foul Ball, location: 2F
1-2: Ball
2-2: Fly out, F9 (Flyball, 89S, EV 81.9 MPH)
Top of the 4th over - 1 run, 1 hit, 0 errors, 0 left on base; Akron 5 - Erie 0
BOTTOM OF THE 4TH
Erie SeaWolves batting - Pitching for Akron RubberDucks : RHP Yuri Bijleveld
Batting: RHB Tony Soto 0-0: Foul Ball, location: 2F
0-1: Ball
1-1: Ground out 6-3 (Groundball, 6, EV 90.6 MPH)
Batting: RHB John Evancho 0-0: Ball
1-0: Ground out 5-3 (Groundball, 56S, EV 66.9 MPH)
Batting: RHB Adam MacConnell 0-0: Ball
1-0: Called Strike
1-1: Fly out, F3 (Popup, 3SF, EV 73.8 MPH)
Bottom of the 4th over - 0 runs, 0 hits, 0 errors, 0 left on base; Akron 5 - Erie 0
TOP OF THE 5TH
Akron RubberDucks batting - Pitching for Erie SeaWolves : LHP Ben Saunders
Batting: RHB Solange Le Coq 0-0: Ball
1-0: Ball
2-0: Called Strike
2-1: Ball
3-1: Foul Ball, location: 2F
3-2: SINGLE (Groundball, 4MD, EV 107.5 MPH)
Batting: RHB Justin Lauderdale 0-0: Ball
Solange Le Coq is caught stealing 2nd base 2-4
1-0: Called Strike
1-1: Ball
2-1: Foul Ball, location: 2F
2-2: Strikes out swinging
Batting: SHB Valentin Laporte 0-0: Ball
1-0: Called Strike
1-1: Called Strike
1-2: Foul Ball, location: 2F
1-2: Ball
2-2: Ball
3-2: Ground out 4-3 (Groundball, 4M, EV 102.5 MPH)
Top of the 5th over - 0 runs, 1 hit, 0 errors, 0 left on base; Akron 5 - Erie 0
BOTTOM OF THE 5TH
Erie SeaWolves batting - Pitching for Akron RubberDucks : RHP Yuri Bijleveld
Batting: RHB Tanner Purchase 0-0: Ball
1-0: Ball
2-0: Called Strike
2-1: Ball
3-1: Ground out 6-3 (Groundball, 6, EV 103.1 MPH)
Batting: LHB Nick Nino 0-0: Foul Ball, location: 2F
0-1: Foul Ball, location: 2F
0-2: Ball
1-2: Ground out 6-3 (Groundball, 6M, EV 86.2 MPH)
Batting: RHB Jose Evangelista 0-0: Swinging Strike
0-1: Fly out, F7 (Flyball, 7, EV 87.5 MPH)
Bottom of the 5th over - 0 runs, 0 hits, 0 errors, 0 left on base; Akron 5 - Erie 0
TOP OF THE 6TH
Akron RubberDucks batting - Pitching for Erie SeaWolves : LHP Ben Saunders
Batting: RHB Carlos Abrego 0-0: Ball
1-0: Called Strike
1-1: Fly out, F6 (Popup, 6MD, EV 63.1 MPH)
Batting: RHB Tristan Wright 0-0: Foul Ball, location: 2F
0-1: Called Strike
0-2: Strikes out swinging
Batting: LHB Esteban Cordova 0-0: Ball
1-0: Called Strike
1-1: Swinging Strike
1-2: Ball
2-2: Ball
3-2: Strikes out swinging
Top of the 6th over - 0 runs, 0 hits, 0 errors, 0 left on base; Akron 5 - Erie 0
BOTTOM OF THE 6TH
Erie SeaWolves batting - Pitching for Akron RubberDucks : RHP Yuri Bijleveld
Batting: RHB Willie Ochoa 0-0: Ball
1-0: Called Strike
1-1: Foul Ball, location: 2F
1-2: Foul Ball, location: 2F
1-2: Ball
2-2: Foul Ball, location: 2F
2-2: Ball
3-2: SINGLE (Groundball, 34D, EV 102.5 MPH)
Batting: RHB Mike Sebastian 0-0: Foul Ball, location: 2F
0-1: Foul Ball, location: 2F
0-2: Strikes out swinging
Batting: RHB Eric Angelle 0-0: Ball
1-0: Foul Ball, location: 2F
1-1: DOUBLE (Flyball, 8RXD, EV 94.4 MPH)
Willie Ochoa to third
Batting: RHB Tony Soto 0-0: Ball
1-0: Called Strike
1-1: Fly out, F7 (Line Drive, 78M, EV 103.1 MPH)
Batting: RHB John Evancho 0-0: Called Strike
0-1: Foul Ball, location: 2F
0-2: Ground out 6-3 (Groundball, 6, EV 83.8 MPH)
Bottom of the 6th over - 0 runs, 2 hits, 0 errors, 2 left on base; Akron 5 - Erie 0
TOP OF THE 7TH
Akron RubberDucks batting - Pitching for Erie SeaWolves : LHP Ben Saunders
Batting: LHB Frank Hill 0-0: Reached on error, E6 (Groundball, 6, EV 98.8 MPH)
Batting: RHB Mitch Boyd 0-0: Ball
1-0: Ball
2-0: Ball
3-0: Base on Balls
Frank Hill to second
Pitching: RHP Eddie Hodgson
Batting: RHB Charles Marcel 0-0: Ball
1-0: Ball
2-0: Bunted foul
2-1: Bunted foul
2-2: Fly out, F9 (Flyball, 9D, EV 95.0 MPH)
Runner from 2nd tags up, SAFE at 3rd, no throw by RF
Batting: RHB Solange Le Coq 0-0: Hit by Pitch
Mitch Boyd to second
Batting: RHB Justin Lauderdale 0-0: Fly out, F8 (Flyball, 8RD, EV 102.5 MPH)
Runner from 3rd tags up, SCORES, no throw by CF
Batting: SHB Valentin Laporte 0-0: Swinging Strike
0-1: Ball
1-1: Foul Ball, location: 2F
1-2: Fly out, F8 (Line Drive, 78S, EV 95.6 MPH)
Top of the 7th over - 1 run, 0 hits, 1 error, 2 left on base; Akron 6 - Erie 0
BOTTOM OF THE 7TH
Erie SeaWolves batting - Pitching for Akron RubberDucks : RHP Yuri Bijleveld
Now at 1B: Willie Gonzales
Now at 2B: Mitch Boyd
Now at SS: Rico Coss
Batting: RHB Adam MacConnell 0-0: Called Strike
0-1: Ball
1-1: Ball
2-1: Foul Ball, location: 2F
2-2: Ball
3-2: SINGLE (Line Drive, 8RS, EV 86.2 MPH)
Batting: RHB Tanner Purchase 0-0: Ball
1-0: Called Strike
1-1: DOUBLE (Line Drive, 3D, EV 95.6 MPH)
Adam MacConnell to third
Batting: LHB Nick Nino 0-0: Foul Ball, location: 2F
0-1: Ball
1-1: Swinging Strike
1-2: Foul Ball, location: 2F
1-2: Strikes out swinging
Batting: RHB Jose Evangelista 0-0: Ball
1-0: Swinging Strike
1-1: Foul Ball, location: 2F
1-2: Strikes out swinging
Batting: RHB Willie Ochoa 0-0: Ball
1-0: Ball
2-0: Ball
3-0: Called Strike
3-1: Foul Ball, location: 2F
3-2: DOUBLE (Flyball, 89D, EV 98.1 MPH)
Adam MacConnell scores
Tanner Purchase scores
Pitching: RHP En-guo Tsu
Batting: RHB Mike Sebastian 0-0: Ball
1-0: Ball
2-0: Swinging Strike
2-1: Foul Ball, location: 2F
2-2: Ball
3-2: Strikes out swinging
Bottom of the 7th over - 2 runs, 3 hits, 0 errors, 1 left on base; Akron 6 - Erie 2
TOP OF THE 8TH
Akron RubberDucks batting - Pitching for Erie SeaWolves : RHP Eddie Hodgson
Batting: LHB Jesus Romero 0-0: Foul Ball, location: 2F
0-1: Called Strike
0-2: Ball
1-2: Ball
2-2: Strikes out swinging
Batting: RHB Rico Coss 0-0: Called Strike
0-1: Fly out, F9 (Flyball, 9LS, EV 84.4 MPH)
Batting: LHB Esteban Cordova 0-0: Fly out, F7 (Flyball, 78D, EV 88.8 MPH)
Top of the 8th over - 0 runs, 0 hits, 0 errors, 0 left on base; Akron 6 - Erie 2
BOTTOM OF THE 8TH
Erie SeaWolves batting - Pitching for Akron RubberDucks : RHP En-guo Tsu
Batting: RHB Eric Angelle 0-0: Called Strike
0-1: Swinging Strike
0-2: Foul Ball, location: 2F
0-2: Strikes out swinging
Batting: RHB Tony Soto 0-0: Called Strike
0-1: Ball
1-1: Ground out 6-3 (Groundball, 6, EV 92.5 MPH)
Batting: RHB John Evancho 0-0: Swinging Strike
0-1: Foul Ball, location: 2F
0-2: Ball
1-2: Strikes out looking
Bottom of the 8th over - 0 runs, 0 hits, 0 errors, 0 left on base; Akron 6 - Erie 2
TOP OF THE 9TH
Akron RubberDucks batting - Pitching for Erie SeaWolves : RHP Eddie Hodgson
Pitching: RHP Denzel McPherson
Batting: LHB Frank Hill 0-0: Called Strike
0-1: Swinging Strike
0-2: Strikes out swinging
Batting: RHB Mitch Boyd 0-0: Ball
1-0: Foul Ball, location: 2F
1-1: Swinging Strike
1-2: Reached on error, E8 (Flyball, 8RXD, EV 95.0 MPH)
Batting: RHB Charles Marcel 0-0: Ball
Mitch Boyd is caught stealing 2nd base 2-4
1-0: Ball
2-0: Ball
3-0: Called Strike
3-1: DOUBLE (Line Drive, 8RD, EV 112.5 MPH)
Batting: RHB Solange Le Coq 0-0: Ball
1-0: Swinging Strike
1-1: Fly out, F6 (Line Drive, 6M, EV 68.8 MPH)
Top of the 9th over - 0 runs, 1 hit, 1 error, 1 left on base; Akron 6 - Erie 2
BOTTOM OF THE 9TH
Erie SeaWolves batting - Pitching for Akron RubberDucks : RHP En-guo Tsu
Batting: RHB Adam MacConnell 0-0: Called Strike
0-1: Foul Ball, location: 2F
0-2: Ground out 6-3 (Groundball, 6M, EV 105.0 MPH)
Batting: RHB Tanner Purchase 0-0: Ball
1-0: Foul Ball, location: 2F
1-1: Ball
2-1: Called Strike
2-2: Ground out 6-3 (Groundball, 6, EV 102.5 MPH)
Batting: LHB Nick Nino 0-0: Ground out U3 (Groundball, 34, EV 85.0 MPH)
Bottom of the 9th over - 0 runs, 0 hits, 0 errors, 0 left on base; Akron 6 - Erie 2
Tuesday, March 28th , 2023 - OOTP Baseball 23.10 Build 110